 Dungeon Crawl Stone Soup version 0.30.0-11-gf55b779eaf (webtiles) character file.

Game seed: 15720475977961397754

266585 Jase the Hand of Fortune (level 20, -18/194 HPs)
             Began as a Hill Orc Fighter on May 16, 2023.
             Was the Champion of Nemelex Xobeh.
             Killed from afar by an ironbound thunderhulk (55 damage)
             ... with a bolt of lightning
             ... on level 1 of the Vaults.
             The game lasted 02:57:10 (39814 turns).

Jase the Hand of Fortune (Hill Orc Fighter)        Turns: 39814, Time: 02:57:14

Health: -18/194    AC: 36    Str: 29    XL:     20   Next: 10%
Magic:  35/35      EV:  8    Int:  8    God:    Nemelex Xobeh [******]
Gold:   728        SH:  0    Dex: 12    Spells: 19/19 levels left

rFire   + + .        a - +6 battleaxe (venom)
rCold   + + +        (shield currently unavailable)
rNeg    . . .        w - +6 plate armour {rF+}
rPois   +            f - +2 helmet
rElec   .            N - scarf {rC+ rF+}
rCorr   .            P - +1 pair of gloves
SInv    +            M - +3 pair of mountain boots {steadfast, rC+}
Will    ++...        y - amulet of regeneration Stlth
                     l - ring of Demons {+Blink rC+ Dex+3 SInv}
HPRegen 1.32/turn    W - ring "Mobeiwi" {rPois Will+ Str+3 Dex-3}
MPRegen 0.24/turn

%: no passive effects
@: no status effects
A: no striking features
}: 2/15 runes: barnacled, gossamer
a: Renounce Religion, Evoke Blink, Draw Escape, Draw Destruction, Draw
Summoning, Draw Stack, Triple Draw, Deal Four, Stack Five


You were on level 1 of the Vaults.
You worshipped Nemelex Xobeh.
Nemelex Xobeh was exalted by your worship.
You visited 7 branches of the dungeon, and saw 32 of its levels.
You also visited: Bailey and Volcano.

You collected 3527 gold pieces.
You spent 2799 gold pieces at shops.

Inventory:

Hand Weapons
 a - a +6 battleaxe of venom (weapon)
 b - a +2 halberd of flaming
Missiles
 m - 10 javelins (quivered)
 u - 5 throwing nets
 J - 6 curare-tipped darts
Armour
 f - a +2 helmet (worn)
 w - a +6 plate armour of fire resistance (worn)
 M - the +3 pair of mountain boots (worn) {steadfast, rC+}
   (You bought it in a shop on level 2 of the Shoals)

   Steadfast: It prevents involuntary movement, except for blinking,
   teleportation, or banishment.
   rC:        It protects you from cold.
 N - a scarf of resistance (worn)
 O - a +2 plate armour of cold resistance
 P - a +1 pair of gloves (worn)
Jewellery
 l - the ring of Demons (left hand) {+Blink rC+ Dex+3 SInv}
   (You bought it in a shop on level 2 of the Orcish Mines)

   [ring of see invisible]

   Dex:       It affects your dexterity (+3).
   rC:        It protects you from cold.
   SInv:      It lets you see invisible.
   +Blink:    It lets you blink.
 p - a ring of positive energy
 x - a ring of resist corrosion
 y - an amulet of regeneration (around neck)
 H - a ring of protection from cold
 W - the ring "Mobeiwi" (right hand) {rPois Will+ Str+3 Dex-3}
   (You took it off an orc wizard on level 9 of the Dungeon)

   [ring of willpower]

   Str:       It affects your strength (+3).
   Dex:       It affects your dexterity (-3).
   rPois:     It protects you from poison.
   Will:      It increases your willpower.
Wands
 d - a wand of roots (42)
 n - a wand of flame (61)
 q - a wand of digging (7)
 C - a wand of mindburst (15)
 L - a wand of charming (14)
 T - a wand of polymorph (20)
 X - a wand of quicksilver (3)
Scrolls
 e - a scroll of silence
 j - a scroll of fear
 k - a scroll of blinking
 s - 3 scrolls of magic mapping
 z - 11 scrolls of teleportation
 B - 2 scrolls of poison
 F - 4 scrolls of enchant armour
 K - 5 scrolls of fog
 R - 4 scrolls of butterflies
Potions
 g - 3 potions of invisibility
 h - 4 potions of magic
 i - 15 potions of curing
 o - 9 potions of mutation
 r - 5 potions of ambrosia
 t - a potion of cancellation
 v - 6 potions of flight
 A - 3 potions of heal wounds
 D - 2 potions of might
 G - 2 potions of berserk rage
 I - 4 potions of attraction
 Q - 4 potions of haste
 Z - a potion of resistance
Miscellaneous
 c - a phantom mirror
 E - a box of beasts
 Y - a tin of tremorstones (2/2)


   Skills:
 + Level 20.3 Fighting
 - Level 20.0 Axes
 + Level 18.8 Armour
 - Level 3.2 Shields
 + Level 22.2 Invocations
 + Level 13.9 Evocations


You had 19 spell levels left.
You didn't know any spells.
Your spell library contained the following spells:

 Spells                   Type           Power      Damage    Failure   Level
 Apportation              Tloc           0%         N/A       89%         1
 Foxfire                  Conj/Fire      0%         2x1d4     89%         1
 Kiss of Death            Conj/Necr      0%         2d5       89%         1
 Magic Dart               Conj           0%         1d3       89%         1
 Necrotise                Necr           0%         1d4       89%         1
 Sandblast                Erth           0%         2d4       89%         1
 Shock                    Conj/Air       0%         1d3       89%         1
 Sting                    Tmut/Pois      0%         1d3       89%         1
 Summon Small Mammal      Summ           0%         N/A       89%         1
 Blink                    Tloc           0%         N/A       96%         2
 Call Imp                 Summ           0%         N/A       96%         2
 Passwall                 Tmut/Erth      0%         N/A       96%         2
 Poisonous Vapours        Pois/Air       0%         N/A       96%         2
 Call Canine Familiar     Summ           0%         N/A       99%         3
 Confusing Touch          Hex            0%         N/A       99%         3
 Gell's Gravitas          Tloc           0%         N/A       99%         3
 Hailstorm                Conj/Ice       0%         3d3       99%         3
 Ignite Poison            Fire/Tmut/Pois 0%         N/A       99%         3
 Inner Flame              Hex/Fire       0%         N/A       99%         3
 Mephitic Cloud           Conj/Pois/Air  0%         N/A       99%         3
 Ozocubu's Armour         Ice            0%         N/A       99%         3
 Portal Projectile        Hex/Tloc       0%         N/A       99%         3
 Stone Arrow              Conj/Erth      0%         3d7       99%         3
 Swiftness                Air            0%         N/A       99%         3
 Teleport Other           Tloc           0%         N/A       99%         3
 Tukima's Dance           Hex            0%         N/A       99%         3
 Vampiric Draining        Necr           0%         2d6       99%         3
 Volatile Blastmotes      Fire/Tloc      0%         2d10      99%         3
 Airstrike                Air            0%         2d(0-16)  100%        4
 Animate Dead             Necr           0%         N/A       100%        4
 Dispel Undead            Necr           0%         3d6       100%        4
 Fulminant Prism          Conj/Hex       0%         3d5       100%        4
 Ice Form                 Ice/Tmut       0%         N/A       100%        4
 Iskenderun's Mystic Bla  Conj/Tloc      0%         2d3       100%        4
 Leda's Liquefaction      Hex/Erth       0%         N/A       100%        4
 Manifold Assault         Tloc           0%         N/A       100%        4
 Olgreb's Toxic Radiance  Pois           0%         N/A       100%        4
 Sticky Flame             Conj/Fire      0%         2d3       100%        4
 Agony                    Necr           0%         N/A       100%        5
 Alistair's Intoxication  Tmut/Pois      0%         N/A       100%        5
 Blade Hands              Tmut           0%         N/A       100%        5
 Borgnjor's Vile Clutch   Necr/Erth      0%         N/A       100%        5
 Fireball                 Conj/Fire      0%         3d3       100%        5
 Iskenderun's Battlesphe  Conj           0%         2d6       100%        5
 Lee's Rapid Deconstruct  Erth           0%         3d4*      100%        5
 Metabolic Englaciation   Hex/Ice        0%         N/A       100%        5
 Yara's Violent Unravell  Hex/Tmut       0%         3d3       100%        5
 Death Channel            Necr           0%         N/A       100%        6
 Dispersal                Tloc           0%         N/A       100%        6
 Iron Shot                Conj/Erth      0%         9d1       100%        6
 Plasma Beam              Fire/Air       0%         2x1d11    100%        6
 Simulacrum               Ice/Necr       0%         N/A       100%        6
 Starburst                Conj/Fire      0%         6d3       100%        6
 Enfeeble                 Hex            0%         N/A       100%        7
 Spellforged Servitor     Conj/Summ      0%         N/A       100%        7
 Storm Form               Tmut/Air       0%         N/A       100%        7
 Borgnjor's Revivificati  Necr           0%         N/A       100%        8
 Ignition                 Fire           0%         3d3       100%        8
 Necromutation            Tmut/Necr      0%         N/A       100%        8
 Death's Door             Necr           0%         N/A       100%        9
 Dragon's Call            Summ           0%         N/A       100%        9


Dungeon Overview and Level Annotations

Branches:
Dungeon (15/15)            Temple (1/1) D:5            Lair (5/5) D:8
 Shoals (4/4) Lair:3       Spider (4/4) Lair:2        Slime (0/5) Lair:5
    Orc (2/2) D:12            Elf (0/3) Orc:2        Vaults (1/5) D:13
 Depths (0/4) D:15         Bailey (visited)         Volcano (visited)

Altars:
Cheibriados
Nemelex Xobeh
Okawaru
Ru
Sif Muna
Trog
Uskayaw
Vehumet
Wu Jian
Zin
Jiyva

Shops:
D:3 *   D:10 *   Orc:2 *!=?*   Shoals:1 *   Shoals:2 [   Shoals:4 :

Annotations:
D:8 8 exclusions
D:10 3 runed translucent doors, Twinkles's ghost, novice NaRe
D:13 2 transporters, pdpol's ghost, journeyman MiFi
Lair:4 3 exclusions
Lair:5 1 runed translucent door, Kirke
Spider:1 2 transporters, mnelsen79's ghost, journeyman MiBe


Message History

The ironbound preserver looks as sick as possible!
Jase's illusion hits the ironbound preserver!!
The ironbound preserver dies!
Unknown command.
The boggart hits you but does no damage.
The deep troll bites you but does no damage.
The deep troll claws you but does no damage. x2
The boggart barely misses you.
Items here: ! )) ? [[ †.
Unknown command.
You closely miss the boggart. You completely miss the deep troll.
You kill the deep troll!
The troll leather armour is intact enough to wear.
Something unseen opens the door.
The yaktaur captain wields a +0 arbalest.
The yaktaur captain shoots a bolt.
The bolt hits you but does no damage.
Strange energies crackle from the ironbound thunderhulk's apparatus.
The ironbound thunderhulk blinks!
You slice the boggart!!
You kill the boggart!
An ironbound thunderhulk comes into view.
It is wielding a +0 dire flail.
The yaktaur captain shoots a bolt.
The bolt hits you!
* * * LOW HITPOINT WARNING * * *
Unknown command.
The ironbound thunderhulk shouts!
Electricity crackles from the ironbound thunderhulk's apparatus.
The bolt of lightning hits you!!
* * * LOW HITPOINT WARNING * * *
Electricity crackles from the ironbound thunderhulk's apparatus.
The bolt of lightning misses you.
The yaktaur captain unwields a +0 arbalest.
The yaktaur captain hits you!
* * * LOW HITPOINT WARNING * * *
You feel much better.
Jase's illusion hits the yaktaur captain!!!
The yaktaur captain is poisoned.
Electricity crackles from the ironbound thunderhulk's apparatus.
The bolt of lightning hits you!!!
You die...
Your body glows with a rainbow of weird colours and disappears.

........... .... ........... ....
.........# #### .........#
.........# #### u........#
######## #... .........# #......#
#... ##.......# #[)....# #...
#.u.....# #@@....# #... #.......#
#.cO...# #... #..k....# #......#
#... #.......# #......# #...
#.......# #......# #... #.......#
#.††...# #...
#.......#######O#+############'#
..........u.uu.O)†...............
..........u......................


You could see 3 ironbound thunderhulks, a yaktaur captain (distracted, very
poisoned, ally target) and the friendly Jase's illusion (summoned).

Vanquished Creatures
  Arachne (Spider:4)
  Jorgrun (D:15)
  A quicksilver dragon (Shoals:2)
  A kraken (Shoals:4)
  A sphinx (Vaults:1)
  2 vault wardens (Vaults:1)
  6 emperor scorpions
  4 ghost moths
  Aizul (Spider:3)
  A quicksilver ooze (Shoals:1)
  4 very ugly things (Vaults:1)
  An ironbound preserver (Vaults:1)
  An ironbound thunderhulk (Vaults:1)
  Azrael (Spider:2)
  A spark wasp (Spider:1)
  8 merfolk javelineers
  7 merfolk impalers
  Harold (Lair:2)
  8 entropy weavers
  A fire dragon (Lair:5)
  Erolcha (D:9)
  Josephine (D:11)
  2 vault guards (Bailey)
  An ice dragon (D:13)
  A spriggan skeleton (D:15)
  9 hydras
  A yaktaur captain (Vaults:1)
  An ironbound frostheart (Vaults:1)
  5 merfolk avatars
  11 boulder beetles
  Fannar (D:12)
  4 ogre magi
  A jorogumo (Spider:2)
  12 centaur warriors
  A satyr (Shoals:3)
  Erica (D:8)
  3 radroaches
  4 merfolk aquamancers
  An alligator (Lair:4)
  21 two-headed ogres
  4 death yaks
  A vampire mage (D:15)
  An alligator snapping turtle (Shoals:4)
  An orc high priest (Orc:1)
  A fire crab (shapeshifter) (D:10)
  A hell knight (Volcano)
  A shadow wraith (D:13)
  Amaemon (Lair:2)
  8 skeletal warriors
  2 fire crabs (Shoals:2)
  2 pharaoh ants
  3 skysharks
  2 sun moths (Spider:4)
  11 sea snakes
  5 deep trolls
  3 swamp dragons
  7 orb spiders
  A spark wasp zombie (D:15)
  9 steelbarb worms
  2 ironbound convokers (Vaults:1)
  9 lindwurms
  Pikel (D:9)
  2 orc knights
  An obsidian statue (Volcano)
  16 fauns
  4 deep elf pyromancers
  4 harpies
  A necromancer (D:15)
  30 wolf spiders
  A golden dragon skeleton (D:15)
  5 spectral wolf spiders (Spider:4)
  An orc sorcerer (Orc:1)
  5 wolf spider zombies (Spider:4)
  12 ugly things
  A faun (shapeshifter) (D:13)
  12 cyclopes
  12 manticores
  A frost giant zombie (D:15)
  14 elephants
  An oklob plant (Lair:2)
  A moth of wrath (shapeshifter) (D:11)
  6 black mambas
  6 moths of wrath
  3 vault sentinels (Vaults:1)
  8 water nymphs
  An orange demon (Lair:2)
  11 merfolk sirens
  2 demonic crawlers
  7 torpor snails
  2 gargoyles (D:11)
  4 rime drakes
  2 efreet (D:14)
  4 kobold demonologists
  An unseen horror (D:10)
  11 cane toads
  A freezing wraith (D:10)
  11 komodo dragons
  6 yaktaurs (Vaults:1)
  2 tengu conjurers
  A guardian mummy (D:15)
  A queen bee (shapeshifter) (Vaults:1)
  2 polar bears
  3 wolf spider simulacra (Spider:4)
  14 trolls
  22 blink frogs
  27 tarantellas
  6 hornets (Lair:5)
  33 merfolk
  Prince Ribbit (D:8)
  4 meliai
  7 wind drakes
  22 dream sheep
  3 tyrant leeches (Lair:5)
  13 snapping turtles
  7 slime creatures
  20 jumping spiders
  A jumping spider (shapeshifter) (D:13)
  Sigmund (D:5)
  21 culicivoras
  A spriggan (D:9)
  2 wyverns
  11 wraiths
  14 water elementals
  8 basilisks
  31 yaks
  7 fire bats
  4 fire elementals
  3 humans (Bailey)
  37 redbacks
  14 vampire mosquitoes
  4 steam dragons
  2 wargs (Orc:2)
  2 swamp worms (Lair:4)
  4 acid dragons
  3 hell hounds
  21 water moccasins
  Duvessa (D:5)
  2 swamp drakes (Lair:5)
  21 orc warriors
  A sky beast (D:8)
  6 ice beasts
  8 black bears
  8 wolves
  10 centaurs
  2 lemures (D:9)
  19 ogres
  A boggart (Vaults:1)
  A phantom (D:5)
  9 kobold brigands
  20 bullfrogs
  4 gnoll sergeants
  8 scorpions (D:5)
  A wight (D:9)
  Dowan (D:5)
  12 killer bees
  3 electric eels
  A howler monkey (D:6)
  7 lava snakes
  3 hounds
  7 jellies
  11 orc priests
  Crazy Yiuf (D:3)
  4 iguanas
  A sleepcap (D:7)
  20 orc wizards
  14 gnolls
  13 adders
  2 shadow imps
  4 white imps
  An ufetubus (D:7)
  2 worms
  2 dart slugs
  64 orcs
  11 endoplasms
  5 giant cockroaches
  11 goblins
  7 hobgoblins
  4 jackals (D:3)
  3 quokkas
  5 ball pythons
  8 bats
  3 frilled lizards
  40 kobolds
  5 rats
  3 tentacles (Shoals:4)
1199 creatures vanquished.

Vanquished Creatures (collateral kills)
  Rupert (Lair:3)
  A storm dragon (Spider:4)
  An emperor scorpion (Spider:4)
  An ironbound preserver (Vaults:1)
  A spark wasp (Spider:3)
  4 merfolk aquamancers
  2 two-headed ogres (Orc:2)
  An orb spider (Spider:4)
  A steelbarb worm (Spider:4)
  A cyclops (Orc:2)
  2 manticores
  2 merfolk sirens (Shoals:3)
  2 trolls (Orc:2)
  A merfolk (Shoals:3)
  3 water elementals (Shoals:3)
  A jumping spider (Spider:4)
  A redback (Spider:4)
  3 ogres (Orc:2)
  A bullfrog (Lair:3)
  An orc priest (Orc:2)
  An orc wizard (Orc:2)
32 creatures vanquished.

Vanquished Creatures (others)
  A wolf spider (Spider:4)
  A merfolk (Shoals:4)
  A tarantella (Spider:3)
  A dream sheep (Shoals:2)
  A jumping spider (Spider:3)
  A killer bee (D:9)
  2 tentacles (Shoals:4)
8 creatures vanquished.

Grand Total: 1239 creatures vanquished

Notes
Turn   | Place    | Note
-------+----------+-------------------------------------------
     0 | D:1      | Jase the Hill Orc Fighter began the quest for the Orb.
     0 | D:1      | Reached XP level 1. HP: 19/19 MP: 1/1
   101 | D:1      | Reached XP level 2. HP: 26/26 MP: 2/2
   287 | D:1      | Reached XP level 3. HP: 26/31 MP: 3/3
   761 | D:2      | Found a faded altar of an unknown god.
   806 | D:2      | Reached skill level 5 in Axes
  1021 | D:2      | Reached XP level 4. HP: 39/39 MP: 4/4
  1425 | D:3      | Found a radiant altar of Vehumet.
  1475 | D:3      | Found Veodd's General Store.
  1481 | D:3      | Bought a scroll of noise for 13 gold pieces
  2080 | D:3      | Reached XP level 5. HP: 45/45 MP: 5/5
  2688 | D:3      | Found a runed translucent door.
  2689 | D:3      | Noticed Crazy Yiuf
  3328 | D:4      | Reached XP level 6. HP: 51/51 MP: 6/6
  3457 | D:5      | Entered Level 5 of the Dungeon
  3508 | D:5      | Found a staircase to the Ecumenical Temple.
  3518 | Temple   | Entered the Ecumenical Temple
  3526 | Temple   | Became a worshipper of Nemelex Xobeh the Trickster
  3541 | D:5      | Noticed an ice beast
  3557 | D:5      | Killed an ice beast
  3558 | D:5      | Reached skill level 1 in Invocations
  3558 | D:5      | Reached XP level 7. HP: 42/57 MP: 6/8
  3682 | D:5      | Reached skill level 10 in Axes
  3684 | D:5      | Noticed Dowan
  3684 | D:5      | Noticed Duvessa
  3697 | D:5      | Killed Dowan
  3698 | D:5      | Reached skill level 2 in Invocations
  3709 | D:5      | Killed Duvessa
  3858 | D:5      | Reached skill level 3 in Invocations
  3873 | D:5      | Found the +9 staff of Olgreb {rPois∞}
  3877 | D:5      | Found a runed translucent door.
  3885 | D:5      | Noticed a redback
  3885 | D:5      | Noticed Sigmund
  3897 | D:5      | Killed Sigmund
  3898 | D:5      | Reached skill level 4 in Invocations
  3898 | D:5      | Reached XP level 8. HP: 58/64 MP: 9/11
  3898 | D:5      | Found a runed translucent gate.
  3948 | D:5      | Found a runed translucent door.
  3959 | D:5      | Found a runed translucent gate.
  3959 | D:5      | Found a runed translucent gate.
  4642 | D:6      | Reached skill level 5 in Invocations
  4791 | D:6      | Reached * piety under Nemelex Xobeh
  5104 | D:6      | Received a gift from Nemelex Xobeh
  5121 | D:6      | Reached XP level 9. HP: 72/72 MP: 13/13
  5267 | D:6      | Found a snail-covered altar of Cheibriados.
  5490 | D:7      | Reached skill level 6 in Invocations
  5681 | D:7      | Reached ** piety under Nemelex Xobeh
  5714 | D:7      | Reached skill level 5 in Fighting
  6076 | D:7      | Noticed a komodo dragon
  6105 | D:7      | Killed a komodo dragon
  6238 | D:8      | Noticed Erica
  6261 | D:8      | Killed Erica
  6262 | D:8      | Reached skill level 5 in Armour
  6262 | D:8      | Reached skill level 7 in Invocations
  6323 | D:8      | Noticed Prince Ribbit
  6356 | D:8      | Killed Prince Ribbit
  6408 | D:8      | Reached XP level 10. HP: 66/84 MP: 15/15
  6456 | D:8      | Found a flagged portal.
  6477 | Bailey   | Entered a bailey
  6550 | Bailey   | Reached skill level 8 in Invocations
  6663 | Bailey   | Noticed a vault guard
  6709 | Bailey   | Killed a vault guard
  6710 | Bailey   | Reached skill level 15 in Axes
  6868 | Bailey   | Noticed a vault guard
  6896 | Bailey   | Killed a vault guard
  7034 | D:8      | Found a bloodstained altar of Trog.
  7093 | D:8      | Reached skill level 9 in Invocations
  7230 | D:8      | Noticed a two-headed ogre
  7253 | D:8      | Reached XP level 11. HP: 84/94 MP: 17/17
  7261 | D:8      | Found a staircase to the Lair.
  7381 | D:8      | Killed a two-headed ogre
  7475 | D:8      | Reached *** piety under Nemelex Xobeh
  7841 | D:9      | Noticed Pikel
  7857 | D:9      | Killed Pikel
  7989 | D:9      | Reached skill level 10 in Invocations
  8152 | D:9      | Noticed a cyan ugly thing
  8163 | D:9      | Killed a cyan ugly thing
  8204 | D:9      | Noticed a two-headed ogre
  8249 | D:9      | Killed a two-headed ogre
  8396 | D:9      | Noticed a two-headed ogre
  8408 | D:9      | Killed a two-headed ogre
  8455 | D:9      | Noticed Erolcha
  8560 | Lair:1   | Entered Level 1 of the Lair of Beasts
  8751 | Lair:1   | Reached XP level 12. HP: 98/105 MP: 20/20
  8877 | Lair:1   | Reached skill level 11 in Invocations
  9280 | Lair:1   | Reached skill level 10 in Fighting
  9554 | Lair:1   | Noticed a four-headed hydra
  9563 | Lair:1   | Killed a one-headed hydra
  9865 | Lair:2   | Noticed Harold
  9885 | Lair:2   | Noticed Amaemon
  9885 | Lair:2   | Noticed a death yak
  9885 | Lair:2   | Noticed a death yak
  9885 | Lair:2   | Noticed a death yak
  9885 | Lair:2   | Reached **** piety under Nemelex Xobeh
  9889 | Lair:2   | Noticed a death yak
  9891 | Lair:2   | Killed Amaemon
  9892 | Lair:2   | Reached skill level 12 in Invocations
  9896 | Lair:1   | Killed a death yak
  9897 | Lair:1   | Reached skill level 10 in Armour
 10037 | Lair:2   | Killed a death yak
 10048 | Lair:2   | Killed a death yak
 10054 | Lair:2   | Killed a death yak
 10200 | Lair:2   | Reached XP level 13. HP: 113/116 MP: 22/22
 10352 | Lair:2   | Received a gift from Nemelex Xobeh
 10448 | Lair:2   | Reached skill level 13 in Invocations
 10533 | Lair:2   | Found a hole to the Spider Nest.
 10597 | Lair:2   | Killed Harold
 10725 | Lair:2   | Received a gift from Nemelex Xobeh
 10877 | Lair:2   | Received a gift from Nemelex Xobeh
 11467 | Lair:3   | Received a gift from Nemelex Xobeh
 11630 | Lair:3   | Found a hide-covered altar of Uskayaw.
 11653 | Lair:3   | Found an ornate altar of the Wu Jian Council.
 11934 | Lair:3   | Reached skill level 14 in Invocations
 12177 | Lair:3   | Found a staircase to the Shoals.
 12202 | Lair:3   | Reached ***** piety under Nemelex Xobeh
 12202 | Lair:3   | Noticed Rupert
 12208 | Lair:3   | Killed Rupert
 12798 | D:9      | Received a gift from Nemelex Xobeh
 13150 | D:9      | Identified the ring "Mobeiwi" {rPois Will+ Str+3 Dex-3}
 13179 | D:9      | Killed Erolcha
 13620 | D:9      | Found the +12 pair of quick blades "Gyre" and "Gimble"
                  | {protect}
 13680 | D:10     | Entered Level 10 of the Dungeon
 13724 | D:10     | Found a shimmering blue altar of Sif Muna.
 13725 | D:10     | Found a sacrificial altar of Ru.
 13725 | D:10     | Found a glowing silver altar of Zin.
 13749 | D:10     | Found an iron altar of Okawaru.
 13813 | D:10     | Reached skill level 1 in Evocations
 13851 | D:10     | Found a runed translucent gate.
 13851 | D:10     | Found a runed translucent gate.
 13851 | D:10     | Noticed Twinkles's ghost (novice NaRe)
 13933 | D:10     | Found a runed translucent gate.
 14043 | D:3      | Found a hide-covered altar of Uskayaw.
 14104 | D:3      | Killed Crazy Yiuf
 14232 | D:5      | Reached XP level 14. HP: 129/129 MP: 25/25
 14843 | D:10     | Found Dokheom's General Store.
 14851 | D:10     | Bought 3 scrolls of identify for 78 gold pieces
 14868 | D:10     | Noticed a quicksilver dragon
 14888 | D:10     | Reached skill level 15 in Invocations
 14914 | D:10     | Received a gift from Nemelex Xobeh
 15426 | D:10     | Noticed an iron dragon
 15932 | D:3      | Bought an amulet of regeneration for 390 gold pieces
 16765 | D:11     | Noticed Josephine
 16782 | D:11     | Killed Josephine
 16786 | D:11     | HP: 1/132 [wraith[Josephine] (8)]
 17422 | Lair:4   | Found a dark tunnel.
 17430 | Volcano  | Entered a volcano
 17667 | Volcano  | Found a burning altar of Makhleb.
 17886 | Lair:4   | Reached XP level 15. HP: 98/139 MP: 26/26
 18070 | Lair:4   | Reached skill level 16 in Invocations
 18070 | Lair:4   | Reached skill level 5 in Evocations
 18430 | Lair:4   | Received a gift from Nemelex Xobeh
 20176 | D:12     | Found a staircase to the Orcish Mines.
 20197 | D:12     | Received a gift from Nemelex Xobeh
 20197 | D:12     | Noticed Fannar
 20210 | D:12     | Killed Fannar
 20357 | Orc:1    | Entered Level 1 of the Orcish Mines
 20536 | Orc:1    | Reached skill level 15 in Fighting
 20904 | Orc:2    | Entered Level 2 of the Orcish Mines
 20936 | Orc:2    | Found Taraz's CLEARANCE SALE!.
 20956 | Orc:2    | Bought a scroll of identify for 12 gold pieces
 21231 | Orc:2    | Reached skill level 17 in Invocations
 21462 | Orc:2    | Found Zum Karr's Distillery.
 21467 | Orc:2    | Found Ammus's Magic Scroll Shop.
 21469 | Orc:2    | Found Cyocviul's General Store.
 21469 | Orc:2    | Found Agowyexi's Jewellery Shop.
 21502 | Orc:2    | Bought 2 potions of heal wounds for 110 gold pieces
 21507 | Orc:2    | Bought a scroll of identify for 28 gold pieces
 21507 | Orc:2    | Bought a scroll of enchant weapon for 105 gold pieces
 21507 | Orc:2    | Bought 3 scrolls of enchant armour for 315 gold pieces
 21553 | Orc:2    | Found a staircase to the Elven Halls.
 21895 | Lair:5   | Entered Level 5 of the Lair of Beasts
 22142 | Orc:2    | Bought the ring of Demons {+Blink rC+ Dex+3 SInv} for 676
                  | gold pieces
 22486 | Lair:5   | Reached XP level 16. HP: 134/149 MP: 28/28
 22752 | Lair:5   | Found a staircase to the Slime Pits.
 22752 | Lair:5   | Found a viscous altar of Jiyva.
 22760 | Lair:5   | Received a gift from Nemelex Xobeh
 23446 | Lair:5   | Found a runed translucent door.
 23453 | Lair:5   | Noticed Kirke
 23736 | Lair:5   | Received a gift from Nemelex Xobeh
 23905 | Spider:1 | Entered Level 1 of the Spider Nest
 24073 | Spider:1 | Found a transporter.
 24075 | Spider:1 | Noticed mnelsen79's ghost (journeyman MiBe)
 24076 | Spider:1 | Found a transporter.
 24119 | Spider:1 | Reached skill level 15 in Armour
 24225 | Spider:1 | Reached skill level 18 in Invocations
 24714 | Spider:2 | Reached ****** piety under Nemelex Xobeh
 24748 | Spider:2 | Received a gift from Nemelex Xobeh
 25371 | Spider:2 | Got Xibu's Compilation of Beguiling Attendants
 25978 | Spider:3 | Noticed Aizul
 26007 | Spider:3 | Killed Aizul
 26008 | Spider:3 | Reached XP level 17. HP: 98/160 MP: 30/30
 26009 | Spider:3 | Noticed Azrael
 26089 | Spider:2 | Killed Azrael
 26302 | Spider:3 | Received a gift from Nemelex Xobeh
 26938 | Spider:3 | Reached skill level 10 in Evocations
 26943 | Spider:3 | Reached skill level 19 in Invocations
 27246 | Shoals:1 | Entered Level 1 of the Shoals
 27493 | Shoals:1 | Found Luarcheos's Overcharged Wands.
 27914 | Shoals:1 | Received a gift from Nemelex Xobeh
 28759 | Shoals:2 | Found Aloh's Antique Armour Shoppe.
 28808 | Shoals:2 | Noticed Ilsuiw
 28819 | Shoals:2 | Ilsuiw changed into Ilsuiw the quicksilver dragon
 28819 | Shoals:2 | Noticed Ilsuiw
 28822 | Shoals:2 | Killed Ilsuiw the quicksilver dragon
 28838 | Shoals:2 | HP: 8/163 [skyshark (8)]
 29144 | Shoals:2 | Bought the +3 pair of mountain boots {steadfast, rC+} for
                  | 1072 gold pieces
 29144 | Shoals:2 | Found the +3 pair of mountain boots {steadfast, rC+}
 29476 | Shoals:2 | Received a gift from Nemelex Xobeh
 30074 | Shoals:2 | Reached XP level 18. HP: 150/172 MP: 31/31
 30417 | Shoals:3 | Reached skill level 20 in Invocations
 30885 | Shoals:3 | Upgraded the game from 0.30.0-10-gfe55d96785 to
                  | 0.30.0-11-gf55b779eaf
 31250 | D:13     | Received a gift from Nemelex Xobeh
 31429 | D:13     | Found a gate to the Vaults.
 31667 | D:13     | Found a transporter.
 31670 | D:13     | Noticed pdpol's ghost (journeyman MiFi)
 31704 | D:13     | Found a transporter.
 31756 | D:13     | Received a gift from Nemelex Xobeh
 32460 | Shoals:4 | Entered Level 4 of the Shoals
 32466 | Shoals:4 | Received a gift from Nemelex Xobeh
 32867 | Shoals:4 | Found Wian's Vocational Training.
 33988 | Shoals:4 | Got a barnacled rune of Zot
 34013 | Shoals:4 | Identified the +2 falchion of the Middle {drain, Str+3}
 34303 | Shoals:4 | Identified the staff of death "Wicsanwa" {rC+ rN+ Dex+2}
 34575 | Spider:4 | Entered Level 4 of the Spider Nest
 34693 | Spider:4 | Received a gift from Nemelex Xobeh
 34801 | Spider:4 | Noticed Arachne
 34861 | Spider:3 | Reached skill level 21 in Invocations
 34932 | Spider:3 | Reached XP level 19. HP: 168/183 MP: 33/33
 35279 | Spider:4 | Killed Arachne
 35721 | Spider:4 | Noticed Donald
 35818 | Spider:4 | Donald changed into Donald the storm dragon
 35818 | Spider:4 | Noticed Donald
 35831 | Spider:4 | Killed Donald the storm dragon
 36862 | Spider:4 | Got a gossamer rune of Zot
 37133 | D:14     | Received a gift from Nemelex Xobeh
 37338 | D:14     | Identified the amulet "Xocymmi" {RegenMP rCorr MP-9 Dex+6}
 37388 | D:14     | Found a radiant altar of Vehumet.
 37907 | D:14     | Received a gift from Nemelex Xobeh
 38263 | D:15     | Entered Level 15 of the Dungeon
 38362 | D:15     | Found a staircase to the Depths.
 38466 | D:15     | Received a gift from Nemelex Xobeh
 38635 | D:15     | Noticed Jorgrun
 38657 | D:15     | Killed Jorgrun
 38994 | Vaults:1 | Entered Level 1 of the Vaults
 39454 | Vaults:1 | Reached skill level 22 in Invocations
 39766 | Vaults:1 | Reached XP level 20. HP: 140/193 MP: 35/35
 39814 | Vaults:1 | Killed from afar by an ironbound thunderhulk

Illustrated notes

Levels and vault maps discovered:
D:1:      tarquinn_simple_flora_water_e, layout_rooms, palyth_stone_intersect
D:2:      minmay_alternating_diamond, layout_basic, basic_ecumenical_altar,
          minmay_bisected
D:3:      layout_basic, nicolae_overflow_hidden_temple, serial_shops,
          nicolae_shop_trees, uniq_crazy_yiuf_cottage
D:4:      layout_basic
D:5:      layout_rooms, minmay_temple_entry_stoned_glass, roderic_roman_lattice,
          minmay_guarded_unrand_staff_of_olgreb, uniq_sigmund, uniq_duvessa
D:6:      layout_gridville, cheibrodos_worm_habitat
D:7:      layout_cave_pools, chequers_serial_rivers_room_a, serial_park_tiny_2,
          minmay_misc_feat_more_columns, minmay_misc_feat_rows
D:8:      layout_basic, old_standard_altar, hellmonk_lair_entry_icy,
          enter_bailey_4, uniq_prince_ribbit1, uniq_erica
D:9:      minmay_the_grid_3x2 [minmay_the_grid_minigrid_small_alt,
          minmay_the_grid_paths, minmay_the_grid_all_tris,
          minmay_the_grid_tiny_cups, minmay_the_grid_armoury,
          minmay_the_grid_prize_trominoes], layout_loops_cross,
          hellmonk_bongcloud_opening, hellmonk_guarded_unrand_gyre_and_gimble,
          uniq_pikel, uniq_erolcha
D:10:     layout_rooms, nicolae_overflow_quartered_altars,
          gammafunk_ghost_split, serial_shops, shop, minmay_evil_grid
D:11:     minmay_imperfect_grid, layout_gridville, minmay_misc_feat_ornament,
          chequers_serial_rivers_marsh, uniq_josephine
D:12:     kennysheep_blocky_hall, layout_grid_maze, reono_crystal_passage,
          kb_rosetta, uniq_fannar
D:13:     layout_irregular_city, david_vaults_4,
          gammafunk_ghost_berserking_beasts
D:14:     layout_cave_pods, fiery_altar_vehumet, kennysheep_opposing_triangles
D:15:     gammafunk_depths_entry_grave, layout_rooms, chequers_garden,
          uniq_jorgrun
Temple:   dpeg_chambers_temple
Lair:1:   layout_regular_city, beast_lair_carwin_1, lemuel_fruit_tree
Lair:2:   layout_cave_shapes, spider_nest_entry_rubble, uniq_amaemon,
          uniq_harold
Lair:3:   layout_gridlike, elwin_shoals_entry_rooms,
          nzn_masters_of_martial_movement, uniq_rupert
Lair:4:   onia_ninara_swampy_vault, layout_hall_layers, enter_volcano_2,
          grunt_megastairs_3, serial_bayou_shore_a
Lair:5:   wormcave, layout_regular_city, guppyfry_lair_end_dragon,
          minmay_slime_entry_pillars, lemuel_fruit_fields, uniq_kirke
Shoals:1: layout_shoals, nicolae_shop_overcharged_wands
Shoals:2: layout_shoals, serial_shops, nicolae_diamond_shop,
          hangedman_shoal_volcano, uniq_ilsuiw
Shoals:3: layout_shoals, nicolae_shoals_water_shrine
Shoals:4: shoals_end_hangedman, layout_shoals, shoals_ilsuiw_ice,
          nicolae_shop_vocational
Spider:1: layout_spider_delve, gammafunk_ghost_mausoleum
Spider:2: layout_spider_delve
Spider:3: cheibrodos_spider_silkery, uniq_aizul, uniq_azrael
Spider:4: grunt_spider_rune_circles, nicolae_spider_undead_wolf_pack,
          uniq_arachne, uniq_donald
Orc:1:    layout_caves, guppyfry_library_mini
Orc:2:    st_orc_open, layout_caves, nicolae_shop_clearance
Vaults:1: nicolae_vaults_cornered_office, nicolae_vaults_little_ls, v_misc_27,
          st_lattice, v_alt_pattern_4, grunt_vaults_focal, v_misc_10,
          nicolae_vaults_diamond_1, vaults_room_door_ring,
          ontoclasm_vaults_ring_square, v_pattern_3,
          nicolae_vaults_more_shelving_1, layout_vaults_omnigrid

Skill      XL: |  1  2  3  4  5  6  7  8  9 10 11 12 13 14 15 16 17 18 19 |
---------------+----------------------------------------------------------+-----
Axes           | 3 4 5 6 8 9 11 12 14 15 17 18 19 20 | 20.0
Invocations    | 1 4 5 7 9 10 12 14 15 17 18 19 21 22 | 22.2
Fighting       | 4 6 7 9 11 13 14 15 16 18 19 20 | 20.3
Armour         | 4 5 7 8 10 12 13 14 15 16 17 18 | 18.8
Evocations     | 1 4 7 9 11 12 13 | 13.9
Shields        | |  3.2

Action                     |  1- 3 |  4- 6 |  7- 9 | 10-12 | 13-15 | 16-18 | 19-21 || total
---------------------------+-------+-------+-------+-------+-------+-------+-------++-------
  Melee: War axe           |   107 |   149 |   257 |   142 |       |       |       ||   655
         Broad axe         |       |       |       |   498 |   323 |       |       ||   821
         Scimitar          |       |       |       |     6 |       |       |       ||     6
         Battleaxe         |       |       |       |       |   978 |  1587 |   650 ||  3215
         Halberd           |       |       |       |       |    27 |     5 |    16 ||    48
  Throw: Dart              |       |       |     1 |     2 |       |       |       ||     3
         Javelin           |       |       |       |     6 |       |     1 |       ||     7
 Invoke: Draw Destruction  |       |       |       |     3 |     5 |    27 |     3 ||    38
         Deal Four         |       |       |       |     1 |     5 |     5 |     1 ||    12
         Draw Summoning    |       |       |       |       |     2 |     4 |     3 ||     9
         Draw Escape       |       |       |       |       |       |     2 |     5 ||     7
         Stack Five        |       |       |       |       |       |     1 |       ||     1
         Draw Stack        |       |       |       |       |       |       |     1 ||     1
  Evoke: Wand              |       |       |     3 |       |       |    23 |     4 ||    30
         Tin of tremorston |       |       |       |       |       |     2 |       ||     2
         Box of beasts     |       |       |       |       |       |       |     1 ||     1
    Use: Potion            |       |     1 |       |     1 |     2 |     1 |     5 ||    10
         Scroll            |       |       |     6 |     3 |    20 |     7 |    11 ||    47
   Stab: Distracted        |       |       |       |       |     1 |     1 |       ||     2
 Armour: Scale mail        |    47 |    47 |       |       |       |       |       ||    94
         Chain mail        |       |    40 |   110 |    56 |     8 |       |       ||   214
         Plate armour      |       |       |       |   235 |   784 |  1198 |   586 ||  2803
  Dodge: Dodged            |    72 |    57 |    49 |   130 |   413 |   545 |   217 ||  1483
  Block: Buckler           |    23 |    57 |   136 |   257 |   101 |       |       ||   574
         Reflection        |       |       |    10 |     6 |     9 |       |       ||    25
         Other             |       |       |       |       |    47 |       |       ||    47
